 Dungeon Crawl Stone Soup version 0.30.1-9-gdf580d7c3d (webtiles) character file.

Game seed: 11060075149693938351

217 Amplified the Poker (level 5, 0/45 HPs)
             Began as a Hill Orc Hexslinger on Oct 5, 2023.
             Was a Follower of the Shining One.
             Slain by a kobold
             ... wielding a +2 short sword of electrocution
              (16 damage)
             ... on level 2 of the Dungeon.
             The game lasted 00:02:00 (1160 turns).

Amplified the Poker (Hill Orc Hexslinger)           Turns: 1160, Time: 00:02:01

Health: 0/45       AC:  3    Str: 15    XL:     5   Next: 94%
Magic:  6/6        EV: 12    Int: 13    God:    the Shining One [*.....]
Gold:   88         SH:  0    Dex: 11    Spells: 5/6 levels left

rFire   . . .        e - +0 spear
rCold   . . .        (no shield)
rNeg    . . .        c - +0 robe
rPois   .            (no helmet)
rElec   .            (no cloak)
rCorr   +            (no gloves)
SInv    .            f - +0 pair of boots
Will    .....        (no amulet)
Stlth   +            d - ring of resist corrosion
HPRegen 0.27/turn    (no ring)
MPRegen 0.10/turn

%: no passive effects
@: glowing
A: no striking features
a: Renounce Religion, Divine Shield


You were on level 2 of the Dungeon.
You worshipped the Shining One.
The Shining One was aware of your devotion.
You visited 1 branch of the dungeon, and saw 2 of its levels.

You collected 88 gold pieces.

Inventory:

Hand Weapons
 a - a +1 sling
 e - a +0 spear (weapon)
Armour
 c - a +0 robe (worn)
 f - a +0 pair of boots (worn)
Jewellery
 d - a ring of resist corrosion (left hand)
Wands
 i - a wand of iceblast (7)
Scrolls
 b - a scroll of poison
Potions
 g - 3 potions of attraction {unknown}
 h - 2 potions of haste {unknown}


   Skills:
 * Level 3.1 Fighting
 * Level 4.1 Polearms
 - Level 1.7 Ranged Weapons
 * Level 2.2 Armour
 - Level 1.5 Dodging
 - Level 1.0 Spellcasting
 - Level 3.0 Hexes
 * Level 2.3 Invocations


You had 5 spell levels left.
You knew the following spells:

 Your Spells              Type           Power      Damage    Failure   Level
a - Slow                  Hex            32%        N/A       9%          1

Your spell library contained the following spells:

 Spells                   Type           Power      Damage    Failure   Level
 Freeze                   Ice            0%         1d3       28%         1
 Sting                    Tmut/Pois      0%         1d3       28%         1
 Poisonous Vapours        Pois/Air       0%         N/A       38%         2
 Inner Flame              Hex/Fire       4%         N/A       41%         3
 Portal Projectile        Hex/Tloc       8%         N/A       41%         3
 Frozen Ramparts          Ice            0%         1d1       63%         3
 Hailstorm                Conj/Ice       0%         3d3       63%         3
 Cause Fear               Hex            4%         N/A       63%         4
 Olgreb's Toxic Radiance  Pois           0%         N/A       95%         4


Dungeon Overview and Level Annotations

Branches:
Dungeon (2/15)

Altars:
The Shining One


Message History

You barely miss the goblin. The goblin hits you with a +0 dagger.
You hit the goblin.
You kill the goblin!
You closely miss the quokka.
The quokka is almost dead.
The quokka bites you. The quokka closely misses you.
You hit the quokka but do no damage.
The quokka is almost dead.
The quokka misses you.
You hit the quokka.
You kill the quokka!
You hit the ball python but do no damage.
The ball python barely misses you. The ball python closely misses you.
The kobold hits you with a +2 short sword of electrocution.
You barely miss the ball python. The ball python closely misses you.
The ball python barely misses you. The kobold barely misses you.
A ball python comes into view.
You hit the ball python.
The ball python is heavily wounded.
The ball python barely misses you. The ball python misses you.
The kobold hits you but does no damage.
You are electrocuted!!
An adder comes into view.
You are too injured to fight recklessly!
You are too injured to fight recklessly!
You are too injured to fight recklessly!
You are too injured to fight recklessly!
You are too injured to fight recklessly!
You are too injured to fight recklessly!
You are too injured to fight recklessly!
You are too injured to fight recklessly!
You are too injured to fight recklessly!
You are too injured to fight recklessly!
You are too injured to fight recklessly!
You are too injured to fight recklessly!
You are too injured to fight recklessly!
Unknown command.
The kobold attacks as you move away!
The kobold hits you with a +2 short sword of electrocution.
You are electrocuted!
You die...

#......# #..S...#
.##......###########
.........##......... .
#...###.######## ..# #
#...†...# .#..#.
#.....####### ......#
##.###.......####
#...###@.# #######....##
#....#SK## ####...
#<...)..# ###.....
##..S...# ##### #...###.
#....##....^....#.######
.....#....#### #.(.....#
...###..### ##..###.##
#.## ... ##....... ..
.##. #######.


You could see an adder (wandering), 2 ball pythons and a kobold.

Vanquished Creatures
  Sigmund (D:2)
  2 adders (D:2)
  A worm (D:2)
  2 dart slugs (D:1)
  4 bats
  An endoplasm (D:1)
  2 giant cockroaches (D:1)
  4 goblins
  5 hobgoblins
  7 kobolds
  3 quokkas
  2 ball pythons (D:1)
  3 frilled lizards
  6 rats
43 creatures vanquished.

Notes
Turn   | Place    | Note
-------+----------+-------------------------------------------
     0 | D:1      | Amplified the Hill Orc Hexslinger began the quest for the
                  | Orb.
     0 | D:1      | Reached XP level 1. HP: 16/16 MP: 2/2
    28 | D:1      | Found a faded altar of an unknown god.
    57 | D:1      | Prayed at the altar of an unknown god.
    57 | D:1      | Became a worshipper of the Shining One
    57 | D:1      | Reached * piety under the Shining One
   198 | D:1      | Reached XP level 2. HP: 24/24 MP: 3/3
   292 | D:1      | Reached skill level 1 in Armour
   427 | D:1      | Reached skill level 1 in Invocations
   476 | D:1      | Reached skill level 1 in Polearms
   545 | D:1      | Reached XP level 3. HP: 29/29 MP: 4/4
  1041 | D:2      | Reached skill level 2 in Polearms
  1126 | D:2      | Noticed Sigmund
  1133 | D:2      | Killed Sigmund
  1134 | D:2      | Reached skill level 4 in Polearms
  1134 | D:2      | Reached XP level 4. HP: 38/38 MP: 5/5
  1134 | D:2      | Reached XP level 5. HP: 45/45 MP: 6/6
  1160 | D:2      | Slain by a kobold

Illustrated notes

Levels and vault maps discovered:
D:1:      amcnicky_arrival_underground_garden, layout_loops_corners,
          hellmonk_ecumenical_altar_pennies_from_heaven, hex_tiny
D:2:      layout_rooms, st_stairs_8, nicolae_figureground_sparkle, uniq_sigmund

Skill      XL: |  1  2  3 |
---------------+----------+-----
Armour         | 1 2 |  2.2
Invocations    | 1 2 |  2.3
Fighting       | 2 3 |  3.1
Polearms       | 1 4 |  4.1
Ranged Weapons | |  1.7
Dodging        | |  1.5
Spellcasting   | |  1.0
Hexes          | |  3.0

Action                     |  1- 3 |  4- 6 || total
---------------------------+-------+-------++-------
  Melee: Spear             |   110 |    17 ||   127
         Punch             |     2 |       ||     2
   Fire: Sling             |    13 |       ||    13
  Evoke: Wand              |     2 |       ||     2
 Armour: Robe              |    18 |     3 ||    21
  Dodge: Dodged            |    55 |    20 ||    75
